 Dungeon Crawl Stone Soup version 0.17.0-28-g6e173f8 (webtiles) character file.

49 Ijustatesigmund the Magician (level 3, -3/19 HPs)
             Began as a Deep Elf Wizard on Dec 2, 2015.
             Slain by a worm (12 damage)
             ... on level 2 of the Dungeon.
             The game lasted 00:03:34 (1595 turns).

Ijustatesigmund the Magician (Deep Elf Wizard)      Turns: 1595, Time: 00:03:34

Health: -3/19      AC:  2    Str:  4    XL:     3   Next: 51%
Magic:  1/11       EV: 13    Int: 23    God:
Gold:   75         SH:  0    Dex: 13    Spells: 3 memorised, 7 levels left

rFire  . . .     SeeInvis .     j - +0 dagger
rCold  . . .     Clarity  .     a - +0 robe
rNeg   . . .     SustAt   .     (no shield)
rPois  .         Gourm    .     b - +0 hat
rElec  .         Spirit   .     (no cloak)
rCorr  .         Warding  .     (no gloves)
rMut   .         Stasis   .     (no boots)
MR     .....                    (no amulet)
Stlth  ++........               (no ring)
                                (no ring)

@: lethally poisoned (-3 -> -9), repel missiles, not resistant to hostile
enchantments, unstealthy
A: no striking features
a: no special abilities


You were on level 2 of the Dungeon.
You were not hungry.

You visited 1 branch of the dungeon, and saw 2 of its levels.

You collected 75 gold pieces.

Inventory:

Hand Weapons
 j - a +0 dagger (weapon)
Armour
 a - a +0 robe (worn)
 b - a +0 hat (worn)
Scrolls
 e - a scroll of fear {unknown}
 f - 3 scrolls of identify {unknown}
 g - a scroll of enchant weapon {unknown}
 k - 2 scrolls of remove curse {unknown}
Potions
 h - a potion of haste {unknown}
Books
 c - a book of Minor Magic

   Spells                             Type                      Level
   a - Magic Dart                     Conjuration                  1
   b - Blink                          Translocation                2
   c - Call Imp                       Summoning                    2
   d - Repel Missiles                 Charms/Air                   2
   e - Slow                           Hexes                        2
   f - Conjure Flame                  Conjuration/Fire             3
   g - Mephitic Cloud                 Conjuration/Poison/Air       3
Comestibles
 d - a bread ration
 l - a chunk of flesh


   Skills:
 + Level 2.9 Dodging
 - Level 2.4 Stealth
 + Level 5.2 Spellcasting
 * Level 2.6 Conjurations
   Level 1.1 Summonings
 - Level 1.1 Translocations


You had 7 spell levels left.
You knew the following spells:

 Your Spells              Type           Power        Failure   Level  Hunger
a - Magic Dart            Conj           ###.         3%          1    None
b - Blink                 Tloc           N/A          12%         2    None
c - Repel Missiles        Chrm/Air       #.....       17%         2    None


Dungeon Overview and Level Annotations

Branches:
Dungeon (2/15)

Altars:


Message History

You are more poisoned.
The adder poisons you! The kobold hits you.
* * * LOW HITPOINT WARNING * * *
Casting: Magic Dart
Confirm with . or Enter, or press ? or * to list all spells.
Aiming: Magic Dart
Press: ? - help, Shift-Dir - straight line, f/p - worm
Aim: a worm (moderately wounded)
The magic dart hits the worm.
The worm is moderately wounded.
* * * LOW HITPOINT WARNING * * *
You feel sick. The bat hits you but does no damage.
The adder closely misses you. The kobold barely misses you.
Drink which item? (? for menu, Esc to quit)
It was a potion of curing.
You feel better. The bat hits you but does no damage. The adder bites you.
You are poisoned.
The adder poisons you! The worm bites you!
Ouch! That really hurt!
You die...

...##.# #... ...#.#
#... ....# #...
#...##### #..
###.......# #...
#......##.#
#...###...#.##.#
#...K#.....†.#.#
#..w@b........######
#.#S.######.........
#.#..######...<####
#......##....).###
#......##........>...
#.....####...#.###.##
##.....##..........#
#...........#.##### #
#.#........##...


You could see a worm, an adder, a bat and a kobold.

Vanquished Creatures
  An adder (D:2)
  2 oozes (D:1)
  A worm (D:2)
  2 bats (D:1)
  2 giant cockroaches (D:1)
  5 goblins (D:1)
  5 hobgoblins
  2 kobolds (D:1)
  4 giant newts (D:1)
  4 rats
28 creatures vanquished.

Notes
Turn   | Place    | Note
--------------------------------------------------------------
     0 | D:1      | Ijustatesigmund the Deep Elf Wizard began the quest for the Orb.
     0 | D:1      | Reached XP level 1. HP: 10/10 MP: 7/7
   349 | D:1      | Reached XP level 2. HP: 15/15 MP: 6/9
   353 | D:1      | Learned a level 2 spell: Blink
   356 | D:1      | Learned a level 2 spell: Repel Missiles
   738 | D:1      | Reached skill level 5 in Spellcasting
  1242 | D:1      | Reached XP level 3. HP: 19/19 MP: 6/11
  1595 | D:2      | Slain by a worm

Action                   || total
-------------------------++-------
Melee: Dagger            ||     1
 Cast: Magic Dart        ||    87
       Repel Missiles    ||     1
  Use: Potion            ||     1
  Eat: Chunk             ||     2
